 Dungeon Crawl Stone Soup version 0.24-a0-769-g368c164 (webtiles) character file.

Game seed: 15680592288693036462, levelgen mode: deterministic

4307 Charmandara the Reanimator (level 10, -5/83 HPs)
             Began as a Hill Orc Necromancer on Oct 6, 2019.
             Was an Initiate of Gozag.
             Slain by a porcupine (12 damage)
             ... on level 8 of the Dungeon.
             The game lasted 00:22:43 (8984 turns).

Charmandara the Reanimator (Hill Orc Necromancer)   Turns: 8984, Time: 00:22:44

Health: -5/83      AC: 20    Str: 11      XL:     10   Next: 32%
Magic:  13/25      EV: 11    Int: 15 (17) God:    Gozag
Gold:   335        SH:  0    Dex: 12      Spells: 6/17 levels left

rFire    . . .     SeeInvis +   K - +1 broad axe
rCold    . . .     Gourm    .   (no shield)
rNeg     + . .     Faith    .   J - +3 leather armour of Impatience {MP+9}
rPois    +         Spirit   .   C - +1 helmet {SInv}
rElec    .         Reflect  .   E - +2 ratskin cloak {+Rats rPois rN+ Str-1 Int-1 Dex+1}
rCorr    +         Harm     .   r - +1 pair of gloves
MR       .....                  I - +2 pair of boots {run}
Stlth    +.........             y - amulet of rage {+Rage, !d}
HPRegen  0.23/turn              f - +2 ring of protection
MPRegen  0.19/turn              H - ring of resist corrosion

@: gold aura, quick
A: molten scales 1, deterioration 1
a: Potion Petition, Call Merchant, Bribe Branch, Renounce Religion, Evoke
Ratskin, Evoke Berserk Rage


You were on level 8 of the Dungeon.
You worshipped Gozag.
Gozag was aware of your devotion.
You were not hungry.

You visited 1 branch of the dungeon, and saw 8 of its levels.

You collected 1767 gold pieces.
You spent 786 gold pieces at shops.
You paid 646 gold pieces to Gozag.

Inventory:

Hand Weapons
 h - a +2 short sword of holy wrath
   (You took it off a kobold on level 3 of the Dungeon)
 w - a +0 short sword of venom
   (You took it off an orc on level 6 of the Dungeon)
 F - a +4 quarterstaff of draining
   (You acquired it on level 6 of the Dungeon)
 K - a +1 broad axe (weapon)
   (You bought it in a shop on level 7 of the Dungeon)
Missiles
 o - 7 throwing nets {=f, !d}
 v - 7 curare-tipped darts
Armour
 d - a +1 leather armour of poison resistance
   (You took it off Duvessa on level 7 of the Dungeon)
 r - a +1 pair of gloves (worn)
   (You found it on level 2 of the Dungeon)
 C - a +1 helmet of see invisible (worn)
   (You found it on level 5 of the Dungeon)
 E - the +2 ratskin cloak (worn) {+Rats rPois rN+ Str-1 Int-1 Dex+1}
   (You found it on level 5 of the Dungeon)

   It affects your strength (-1).
   It affects your intelligence (-1).
   It affects your dexterity (+1).
   It protects you from poison.
   It protects you from negative energy.
 I - a +2 pair of boots of running (worn)
   (You bought it in a shop on level 6 of the Dungeon)
 J - the +3 leather armour of Impatience (worn) {MP+9}
   (You bought it in a shop on level 6 of the Dungeon)

   It affects your magic capacity (+9).
Magical Staves
 q - an uncursed staff of conjuration {!a}
   (You found it on level 6 of the Dungeon)
Jewellery
 f - a +2 ring of protection (left hand)
   (You found it on level 1 of the Dungeon)
 u - an uncursed ring of protection from cold {rC+, !d}
   (You found it on level 7 of the Dungeon)
 y - an amulet of rage (around neck) {+Rage, !d}
   (You found it on level 5 of the Dungeon)
 D - a +2 amulet of reflection
   (You found it on level 5 of the Dungeon)
 H - a ring of resist corrosion (right hand)
   (You found it on level 7 of the Dungeon)
Wands
 L - a wand of polymorph (4)
   (You found it on level 8 of the Dungeon)
Scrolls
 b - 2 scrolls of blinking {!r}
 g - 3 scrolls of amnesia
 i - 2 scrolls of remove curse
 l - 2 scrolls of fog
 n - 2 scrolls of immolation {!r}
 p - 2 scrolls of teleportation
 s - 3 scrolls of enchant armour
 A - 2 scrolls of identify
 B - 3 scrolls of magic mapping {!r}
Potions
 a - 3 potions of flight {unknown}
 e - a potion of brilliance
 j - 2 potions of cancellation
 k - 2 potions of resistance
 m - a potion of heal wounds
 t - a potion of curing
 G - 2 potions of ambrosia
Comestibles
 c - 10 rations


   Skills:
 - Level 6.0 Fighting
 * Level 10.2 Axes
 - Level 1.5 Dodging
 - Level 1.5 Stealth
 - Level 4.0 Spellcasting
 - Level 10.8 Necromancy


You had 6 spell levels left.
You knew the following spells:

 Your Spells              Type           Power        Failure   Level  Hunger
a - Pain                  Necr           ####         1%          1    None
r - Regeneration          Chrm/Necr      ###.......   8%          3    ###....
x - Vampiric Draining     Necr           #####.....   1%          3    ###....
A - Animate Dead          Necr           N/A          2%          4    ####...

Your spell library contained the following spells:

 Spells                   Type           Power        Failure   Level  Hunger
 Animate Skeleton         Necr           N/A          1%          1    None
 Sandblast                Erth           #.....       24%         1    None
 Passwall                 Tmut/Erth      #.......     34%         2    ##.....
 Stone Arrow              Conj/Erth      #.....       56%         3    ###....
 Petrify                  Tmut/Erth      #.......     93%         4    ####...
 Lee's Rapid Deconstruct  Erth           #.........   100%        5    ######.


Dungeon Overview and Level Annotations

Branches:
Dungeon (8/15)             Temple (0/1) D:6
   Lair: D:8-11

Altars:
Gozag
Qazlal
Ru
Trog
Uskayaw
Zin

Shops:
D:6 [   D:7 ==*%(


Innate Abilities, Weirdness & Mutations

You are partially covered in molten scales. (AC +2)
Your body sometimes deteriorates upon taking damage.


Message History

You take 1 damage, and have 33/83 hp.
You hit the wolf. The wolf bites you but does no damage.
You closely miss the wolf. The wolf closely misses you.
The wolf bites you but does no damage.
You slash the wolf!
You kill the wolf!
You now have 295 gold pieces (gained 11).
You now have 304 gold pieces (gained 9).
You now have 320 gold pieces (gained 16).
You now have enough gold to buy an uncursed amulet of the acrobat on D:7, or buy an uncursed amulet of regeneration on D:7.
You now have 335 gold pieces (gained 15).
You see here a +0 giant club.
You start resting.
A centaur comes into view.
A centaur is nearby!
A porcupine comes into view.
The centaur shouts!
The centaur wields a +0 shortbow.
The centaur shoots an arrow.
The arrow hits you but does no damage.
You see here an arrow.
Aim: a porcupine (hasn't noticed you, chance to defeat MR: 84%)
The porcupine writhes in agony!
The centaur shoots an arrow.
The arrow closely misses you.
Unknown command.
You take 1 damage, and have 37/83 hp.
You now have 24/25 mp.
The centaur shoots an arrow.
The arrow barely misses you.
You see here an arrow.
A crocodile comes into view.
The centaur shoots an arrow.
The arrow closely misses you.
The porcupine bites you but does no damage.
Aim: a porcupine (heavily wounded)
You kill the porcupine!
You feel life coursing into your body.
The centaur shoots an arrow.
The arrow misses you.
Unknown command.
You regained 5 hp, and now have 42/83 hp.
You now have 21/25 mp.
The centaur shoots an arrow.
The arrow closely misses you.
The centaur unwields a +0 shortbow.
The centaur hits you but does no damage.
The centaur becomes distracted by the nearby gold, dreaming of imaginary riches.
You catch the helpless centaur completely off-guard!
You hit the centaur.
The centaur is no longer distracted by gold.
You hit the crocodile. The centaur closely misses you. The crocodile bites you!
You take 8 damage, and have 34/83 hp.
You hit the centaur. You closely miss the crocodile. The centaur misses you.
The crocodile misses you.
The centaur hits you but does no damage.
Aim: a centaur (lightly wounded)
You feel life coursing into your body. The centaur hits you.
The crocodile bites you!
* * * LOW HITPOINT WARNING * * *
You take 13 damage, and have 22/83 hp.
You now have 19/25 mp.
Unknown command.
Aim: a centaur (heavily wounded)
You feel life coursing into your body. The centaur misses you.
A porcupine comes into view.
The crocodile bites you but does no damage.
The centaur hits you but does no damage.
You regained 5 hp, and now have 27/83 hp.
You now have 17/25 mp.
Unknown command.
Aim: a centaur (almost dead)
You kill the centaur!
Your Axes skill increases to level 10!
You feel life coursing into your body.
The crocodile bites you but does no damage.
You now have 14/25 mp.
Unknown command.
You barely miss the crocodile.
The crocodile bites you but does no damage.
You slash the crocodile! The crocodile closely misses you.
You hit the crocodile. The crocodile barely misses you.
You hit the crocodile. The crocodile closely misses you.
You hit the crocodile. The crocodile barely misses you.
The crocodile closely misses you.
You slash the crocodile!
You kill the crocodile!
The porcupine twitches its whiskers.
The porcupine bites you.
You take 2 damage, and have 28/83 hp.
You are struck by the porcupine's spines.
* * * LOW HITPOINT WARNING * * *
You closely miss the porcupine. The porcupine barely misses you.
You take 11 damage, and have 17/83 hp.
You are struck by the porcupine's spines.
* * * LOW HITPOINT WARNING * * *
You hit the porcupine. The porcupine bites you!
* * * LOW HITPOINT WARNING * * *
Your body deteriorates!
You feel dopey.
A black bear comes into view.
You take 15 damage, and have 2/83 hp.
Aim: a porcupine (lightly wounded)
You feel life coursing into your body.
The black bear growls angrily.
The porcupine bites you!
You die...
Your body crumbles into a pile of gold.

$ #.# #.# ## #.#
##.## .## #.###...##
..#####........##
..........).....##
..######.........##
.#######....(.....#
......≈≈.≈≈.(.....###
#.###.≈#+#≈($...@...#
.# #.. +.....r#$...#
.# ## #≈(......!.(...
.# ≈.≈≈.....#.#.....
.# #..####.#.P...##.
.# .... ........P.
##.. .P..P....... #
[.....h.♣.P.
..........$P


You could see a black bear and a porcupine.

Vanquished Creatures
  A harpy (D:8)
  Grinder (D:3)
  A hippogriff (D:7)
  Sigmund (D:4)
  Duvessa (D:7)
  A porcupine (D:8)
  An orc warrior (D:7)
  A black bear (D:6)
  2 phantoms
  2 ice beasts
  An eye of draining (D:8)
  3 wolves (D:8)
  A centaur (D:8)
  An ogre (D:8)
  2 crocodiles (D:8)
  Blork the orc (D:4)
  2 bullfrogs
  2 gnoll sergeants (D:6)
  Dowan (D:7)
  A scorpion (D:2)
  5 crimson imps
  3 centaur zombies (D:4)
  2 bullfrog zombies
  5 hounds
  5 orc wizards
  A centaur skeleton (D:5)
  2 bullfrog skeletons (D:4)
  2 jellies
  An orc priest (D:6)
  2 gnoll shamans
  A hell rat (D:5)
  4 worker ants
  2 hound zombies
  A hound skeleton (D:4)
  Robin (D:3)
  12 adders
  17 gnolls
  6 river rats (D:5)
  2 shadow imps (D:5)
  An ooze (D:3)
  3 worms
  3 dart slugs
  4 leopard geckos
  24 orcs
  3 ball pythons
  7 giant cockroaches
  16 goblins
  8 hobgoblins
  15 jackals
  7 kobolds
  6 quokkas
  A ball python skeleton (D:4)
  6 bats
  5 frilled lizards
  A giant cockroach zombie (D:4)
  A jackal skeleton (D:4)
  A quokka skeleton (D:4)
  2 quokka zombies
  24 rats
239 creatures vanquished.

Vanquished Creatures (others)
  A fungus (D:8)
1 creature vanquished.

Grand Total: 240 creatures vanquished

Notes
Turn   | Place    | Note
-------+----------+-------------------------------------------
     0 | D:1      | Charmandara the Hill Orc Necromancer began the quest for
                  | the Orb.
     0 | D:1      | Reached XP level 1. HP: 14/14 MP: 3/3
   232 | D:1      | Reached XP level 2. HP: 19/20 MP: 1/4
   690 | D:1      | Reached XP level 3. HP: 26/26 MP: 3/5
   695 | D:1      | Learned a level 3 spell: Vampiric Draining
   816 | D:1      | Reached skill level 5 in Necromancy
  1088 | D:2      | Noticed a scorpion
  1094 | D:2      | Killed a scorpion
  1094 | D:2      | Reached XP level 4. HP: 29/33 MP: 0/6
  1269 | D:2      | Reached skill level 6 in Necromancy
  1398 | D:2      | Found an opulent altar of Gozag.
  1415 | D:2      | Became a worshipper of Gozag Ym Sagoz the Greedy
  1490 | D:2      | Reached XP level 5. HP: 38/38 MP: 5/7
  2397 | D:3      | Noticed Grinder
  2431 | D:3      | Found a glowing silver altar of Zin.
  2637 | D:3      | Noticed Robin
  2675 | D:3      | Killed Robin
  2675 | D:3      | Reached skill level 7 in Necromancy
  2677 | D:3      | Reached XP level 6. HP: 27/45 MP: 1/8
  2920 | D:3      | Gained mutation: You are partially covered in molten
                  | scales. (AC +2) [potion of mutation]
  2920 | D:3      | Gained mutation: You are weak. (Str -2) [potion of
                  | mutation]
  2920 | D:3      | Gained mutation: Your body sometimes deteriorates upon
                  | taking damage. [potion of mutation]
  2920 | D:3      | Lost mutation: You are weak. (Str -2) [potion of mutation]
  2949 | D:3      | HP: 11/45 [Grinder (4)]
  2949 | D:3      | HP: 5/45 [Grinder (6)]
  2970 | D:4      | Noticed Sigmund
  3321 | D:3      | Paralysed by Grinder for 2 turns
  3332 | D:3      | Paralysed by Grinder for 5 turns
  3336 | D:3      | HP: 11/45 [Grinder (2)]
  3337 | D:3      | Killed Grinder
  3337 | D:3      | Reached skill level 8 in Necromancy
  3337 | D:3      | Reached XP level 7. HP: 12/50 MP: 9/9
  3714 | D:4      | Noticed Blork the orc
  3751 | D:4      | HP: 11/50 [bullfrog skeleton (4)]
  3773 | D:4      | Killed Blork the orc
  3775 | D:4      | Noticed a moth of wrath
  3783 | D:4      | Reached skill level 9 in Necromancy
  4058 | D:4      | Found a bloodstained altar of Trog.
  4281 | D:4      | Killed Sigmund
  4281 | D:4      | Reached XP level 8. HP: 19/57 MP: 3/10
  4397 | D:5      | Entered Level 5 of the Dungeon
  4400 | D:5      | Reached skill level 10 in Necromancy
  4767 | D:5      | Found a hide-covered altar of Uskayaw.
  4810 | D:5      | Found a sacrificial altar of Ru.
  4928 | D:5      | Found a stormy altar of Qazlal.
  5320 | D:5      | Found the +2 ratskin cloak {+Rats rPois rN+ Str-1 Int-1
                  | Dex+1}
  5726 | D:5      | Learned a level 3 spell: Regeneration
  5802 | D:6      | Reached skill level 2 in Spellcasting
  5856 | D:6      | Reached skill level 3 in Spellcasting
  5978 | D:6      | HP: 11/57 [orc priest/divine providence (14)]
  5986 | D:6      | HP: 12/85 [orc priest/divine providence (11)]
  6389 | D:6      | Reached XP level 9. HP: 47/62 MP: 6/14
  6394 | D:6      | Reached skill level 4 in Spellcasting
  6437 | D:6      | Found a staircase to the Ecumenical Temple.
  6530 | D:6      | Identified a scroll of acquirement
  6538 | D:6      | Learned a level 4 spell: Animate Dead
  6591 | D:6      | Reached skill level 1 in Fighting
  6634 | D:6      | Reached skill level 2 in Fighting
  6859 | D:6      | Reached skill level 3 in Fighting
  6903 | D:6      | Bought a pair of glowing boots for 195 gold pieces
  6913 | D:6      | Identified a +2 pair of boots of running (You bought it in
                  | a shop on level 6 of the Dungeon)
  6913 | D:6      | Bought a jewelled leather armour for 182 gold pieces
  6923 | D:6      | Identified the +3 leather armour of Impatience {MP+9} (You
                  | bought it in a shop on level 6 of the Dungeon)
  6983 | D:7      | Reached skill level 4 in Fighting
  7006 | D:7      | Reached skill level 5 in Fighting
  7035 | D:7      | Noticed Duvessa
  7037 | D:7      | Noticed Dowan
  7051 | D:7      | Killed Duvessa
  7057 | D:7      | Killed Dowan
  7057 | D:7      | Reached skill level 6 in Fighting
  7120 | D:7      | Found Ciyn's General Store.
  7120 | D:7      | Found Kise's Weapon Shop.
  7130 | D:7      | Bought a +0 fustibalus for 165 gold pieces
  7132 | D:7      | Bought a +0 broad axe for 44 gold pieces
  7285 | D:7      | Reached skill level 1 in Axes
  7333 | D:7      | Reached skill level 2 in Axes
  7398 | D:7      | Reached skill level 3 in Axes
  7576 | D:7      | Found Xawnulecw's Food Emporium.
  7588 | D:7      | Bought a ration for 50 gold pieces
  7588 | D:7      | Bought a ration for 50 gold pieces
  7588 | D:7      | Bought a ration for 50 gold pieces
  7588 | D:7      | Bought a ration for 50 gold pieces
  7696 | D:7      | Reached skill level 5 in Axes
  7906 | D:7      | Found Giteav's Jewellery Shoppe.
  7914 | D:7      | Found Dosejotoom's Jewellery Boutique.
  8176 | D:8      | Reached skill level 6 in Axes
  8539 | D:8      | Reached skill level 7 in Axes
  8547 | D:8      | Noticed Harold
  8551 | D:8      | Noticed Harold
  8551 | D:8      | Harold changed into Harold the harpy
  8561 | D:8      | HP: 27/112 [Harold the harpy (10)]
  8563 | D:8      | Killed Harold the harpy
  8563 | D:8      | Reached skill level 8 in Axes
  8563 | D:8      | Reached XP level 10. HP: 29/83 MP: 16/16
  8916 | D:8      | Reached skill level 9 in Axes
  8933 | D:8      | HP: 19/83 [crocodile (16)]
  8975 | D:8      | Reached skill level 10 in Axes
  8982 | D:8      | HP: 17/83 [porcupine's spines (11)]
  8983 | D:8      | HP: 2/83 [porcupine (10)]
  8984 | D:8      | Slain by a porcupine

Levels and vault maps discovered:
D:1:      shiori_shiawase, layout_basic
D:2:      layout_loops_ring, nicolae_gozag_cash_rules_everything_around_me,
          serial_bayou_lagoon_a, kennysheep_generic_room_2
D:3:      layout_loops_ring, zin_statuary, uniq_grinder, uniq_robin
D:4:      layout_cave_pools, tgw_trog, first_ration, serial_undead,
          serial_undead_d, serial_undead_b, serial_undead_e, serial_undead_a,
          serial_undead_f, serial_undead_e, uniq_sigmund, uniq_blork_the_orc
D:5:      wander_guarded_unrand_ratskin, layout_loops_corners, kennysheep_mini,
          eat_drink_and_be_merry_uskayaw, nicolae_ru_great_annihilating_truth
D:6:      layout_cave_pools, minmay_temple_entry_fiery, serial_gnoll_camp,
          gnoll_camp_mini_hut, gnoll_camp_mini_sergeant, gnoll_camp_medium_01,
          gnoll_camp_mini_loothouse
D:7:      layout_basic, serial_shops, nicolae_shop_stone, nicolae_shop_stone,
          shop, shop, shop, uniq_duvessa
D:8:      layout_loops_ring, kennysheep_mini_moat, minmay_lair_entry_grove,
          uniq_gastronok, uniq_harold

Skill      XL: |  1  2  3  4  5  6  7  8  9 10 |
---------------+-------------------------------+-----
Necromancy     | 5 6 7 8 9 10 | 10.8
Spellcasting   | 3 4 |  4.0
Fighting       | 6 |  6.0
Axes           | 8 10 | 10.2
Dodging        | |  1.5
Stealth        | |  1.5

Action                   |  1- 3 |  4- 6 |  7- 9 | 10-12 || total
-------------------------+-------+-------+-------+-------++-------
Melee: Club              |     5 |       |       |       ||     5
       Whip              |    12 |    99 |       |       ||   111
       Short sword       |       |    25 |   362 |       ||   387
       Broad axe         |       |       |   154 |    44 ||   198
       Quarterstaff      |       |       |   133 |       ||   133
 Cast: Pain              |    31 |    88 |    85 |     1 ||   205
       Vampiric Draining |       |       |    22 |     5 ||    27
Invok: Call Merchant     |       |       |     1 |       ||     1
Evoke: Wand              |       |       |    20 |       ||    20
  Use: Scroll            |       |    13 |     5 |       ||    18
       Potion            |       |     4 |     5 |     1 ||    10
 Stab: Distracted        |       |       |     1 |     2 ||     3
       Sleeping          |       |       |     5 |       ||     5
       Paralysed         |       |       |     1 |       ||     1
  Eat: Chunk             |     1 |     3 |       |       ||     4
       Ration            |       |     2 |     7 |       ||     9
Armor: Robe              |     8 |    42 |   253 |       ||   303
       Skin              |       |       |    54 |       ||    54
       Leather armour    |       |       |   166 |    31 ||   197
Dodge: Dodged            |    25 |    70 |   517 |    45 ||   657

Table legend:
 A = Non-vault XP
 B = Vault XP
 C = Vault XP percentage of total XP
 D = Non-vault monster count
 E = Vault monster count
 F = Vault count percentage of total count
                 A         B        C        D         E       F
            +---------+---------+-------+---------+---------+-------
      Total |    2965 |    3189 |  51.8 |     156 |      83 |  34.7
            +---------+---------+-------+---------+---------+-------
        D:1 |      39 |       0 |   0.0 |      21 |       0 |   0.0
        D:2 |     160 |       5 |   3.0 |      19 |       2 |   9.5
        D:3 |      92 |     323 |  77.8 |      27 |      12 |  30.8
        D:4 |     137 |     601 |  81.4 |      16 |      17 |  51.5
        D:5 |     334 |     175 |  34.4 |      13 |      25 |  65.8
        D:6 |     500 |     451 |  47.4 |      18 |      17 |  48.6
        D:7 |    1023 |     228 |  18.2 |      26 |       2 |   7.1
        D:8 |     680 |    1406 |  67.4 |      16 |       8 |  33.3
            +---------+---------+-------+---------+---------+-------

Levels and vault maps discovered:
D:1:      shiori_shiawase, layout_basic
D:2:      layout_loops_ring, nicolae_gozag_cash_rules_everything_around_me,
          serial_bayou_lagoon_a, kennysheep_generic_room_2
D:3:      layout_loops_ring, zin_statuary, uniq_grinder, uniq_robin
D:4:      layout_cave_pools, tgw_trog, first_ration, serial_undead,
          serial_undead_d, serial_undead_b, serial_undead_e, serial_undead_a,
          serial_undead_f, serial_undead_e, uniq_sigmund, uniq_blork_the_orc
D:5:      wander_guarded_unrand_ratskin, layout_loops_corners, kennysheep_mini,
          eat_drink_and_be_merry_uskayaw, nicolae_ru_great_annihilating_truth
D:6:      layout_cave_pools, minmay_temple_entry_fiery, serial_gnoll_camp,
          gnoll_camp_mini_hut, gnoll_camp_mini_sergeant, gnoll_camp_medium_01,
          gnoll_camp_mini_loothouse
D:7:      layout_basic, serial_shops, nicolae_shop_stone, nicolae_shop_stone,
          shop, shop, shop, uniq_duvessa
D:8:      layout_loops_ring, kennysheep_mini_moat, minmay_lair_entry_grove,
          uniq_gastronok, uniq_harold

Table legend:
 A = Turns spent in this place as a percentage of turns spent in the entire game.
 B = Non-inter-level travel turns spent in this place as a percentage of non-inter-level travel turns spent in the entire game.
 C = Inter-level travel turns spent in this place as a percentage of turns spent in this place.
 D = Turns resting spent in this place as a percentage of non-inter-level travel turns spent in this place.
 E = Turns spent auto-exploring this place as a percentage of non-inter-level travel turns spent in this place.
 F = Non-inter-level travel turns spent in this place divided by the number of levels of this place that you've seen.
                   A       B       C       D       E      F
               +-------+-------+-------+-------+-------+----------------------
         Total | 100.0 | 100.0 |   3.3 |  26.2 |  42.4 | 1086.0
       Dungeon | 100.0 | 100.0 |   3.3 |  26.2 |  42.4 | 1086.0
               +-------+-------+-------+-------+-------+----------------------

Table legend:
 A = Kills in this place as a percentage of kills in entire the game.
 B = Kills by you in this place as a percentage of kills by you in the entire game.
 C = Kills by friends in this place as a percentage of kills by friends in the entire game.
 D = Other kills in this place as a percentage of other kills in the entire game.
 E = Experience gained in this place as a percentage of experience gained in the entire game.
 F = Experience gained in this place divided by the number of levels of this place that you have seen.
                   A       B       C       D       E      F
               +-------+-------+-------+-------+-------+----------------------
         Total | 100.0 | 100.0 |   N/A |   N/A | 100.0 | 769.2
       Dungeon | 100.0 | 100.0 |   N/A |   N/A | 100.0 | 769.2
               +-------+-------+-------+-------+-------+----------------------
